 Dungeon Crawl Stone Soup version 0.19-a0-1920-g83281cb (webtiles) character file.

24 Kaname the Digger (level 2, 0/19 HPs)
             Began as a Demonspawn Earth Elementalist on Oct 23, 2016.
             Slain by a kobold
             ... wielding a +0 dagger
              (4 damage)
             ... on level 1 of the Dungeon.
             The game lasted 00:03:06 (1347 turns).

Kaname the Digger (Demonspawn Earth Elementalist)   Turns: 1347, Time: 00:03:06

Health: 0/19       AC:  2    Str:  8    XL:     2   Next: 79%
Magic:  0/5        EV: 12    Int: 16    God:
Gold:   7          SH:  0    Dex: 13    Spells: 1 memorised, 4 levels left

rFire  . . .     SeeInvis .     (no weapon)
rCold  . . .     Gourm    .     c - +0 robe
rNeg   . . .     Faith    .     (no shield)
rPois  .         Spirit   .     (no helmet)
rElec  .         Reflect  .     (no cloak)
rCorr  .         Harm     .     (no gloves)
MR     .....                    (no boots)
Stlth  ++........               (no amulet)
                                (no ring)
                                (no ring)

@: no status effects
A: spiny 1
a: no special abilities


You were on level 1 of the Dungeon.
You were hungry.

You visited 1 branch of the dungeon, and saw 1 of its levels.

You collected 7 gold pieces.

Inventory:

Missiles
 b - 18 stones (quivered)
Armour
 c - a +0 robe (worn)
Potions
 a - a potion of flight {unknown}
Books
 e - a book of Geomancy

   Spells                             Type                      Level
   a - Sandblast                      Earth                        1
   b - Passwall                       Transmutation/Earth          2
   c - Stone Arrow                    Conjuration/Earth            3
   d - Petrify                        Transmutation/Earth          4
   e - Lee's Rapid Deconstruction     Earth                        5
Comestibles
 d - a bread ration
 f - a meat ration


   Skills:
 - Level 1.7 Dodging
 - Level 1.7 Stealth
 - Level 2.0 Spellcasting
   Level 0.8 Transmutations
 + Level 3.7 Earth Magic


You had 4 spell levels left.
You knew the following spells:

 Your Spells              Type           Power        Failure   Level  Hunger
a - Sandblast             Erth           ##....       6%          1    #......


Dungeon Overview and Level Annotations

Branches:
Dungeon (1/15)

Altars:


Innate Abilities, Weirdness & Mutations

You are partially covered in sharp spines.


Message History

You kill the hobgoblin!
You start resting.
A kobold comes into view. It is wielding a dagger.
The kobold throws a stone.
The stone barely misses you.
You see here a club.
The kobold throws a stone.
The stone closely misses you.
You see here a stone.
Casting: Sandblast
Confirm with . or Enter, or press ? or * to list all spells.
Aiming: Sandblast
Press: ? - help, Shift-Dir - straight line, f - kobold
Aim: a kobold, wielding a dagger and wearing a leather armour The blast of sand hits the kobold.
You closely miss the kobold. The kobold hits you but does no damage.
You hit the kobold but do no damage. The kobold barely misses you.
You barely miss the kobold. The kobold barely misses you.
You hit the kobold but do no damage. The kobold hits you with a dagger.
* * * LOW HITPOINT WARNING * * *
You hit the kobold but do no damage. The kobold hits you with a dagger.
You die...

#.##.##.........#
................#
#.###.##.w......#
#.#.............#######
#.#.##..#...####......#
#.#.....#)#.## #......#
#.#.###.#.PPP###......#
#.......#P....##K.....#
###.###..♣.♣P.##@.....#
###.#...PPP♣.P.#)÷....#
.##.#.#...P...........#
.##†#.#...............#
.##.#.#..>..............
.##.#.#.#.....(.####.....
.##.#.#.#.####### ......
.##.#.#.......... ......
....#.########### ..


You could see a kobold.

Vanquished Creatures
  An ooze (D:1)
  A leopard gecko (D:1)
  A ball python (D:1)
  2 bats (D:1)
  3 giant cockroaches (D:1)
  3 hobgoblins (D:1)
  2 frilled lizards (D:1)
  A kobold (D:1)
  4 rats (D:1)
18 creatures vanquished.

Notes
Turn   | Place    | Note
-------+----------+-------------------------------------------
     0 | D:1      | Kaname the Demonspawn Earth Elementalist began the quest for the Orb.
     0 | D:1      | Reached XP level 1. HP: 13/13 MP: 3/3
   309 | D:1      | Reached skill level 3 in Earth Magic
   594 | D:1      | Gained mutation: You are partially covered in sharp spines. [demonic ancestry]
   594 | D:1      | Reached XP level 2. HP: 5/19 MP: 1/5
  1347 | D:1      | Slain by a kobold

Vault maps used:
D:1:      minmay_arrival_glassed_features, serial_forest,
          infiniplex_forest_clump_small, infiniplex_forest_straight_2,
          infiniplex_forest_fountain, infiniplex_forest_clump_small,
          infiniplex_forest_lined_room_2, infiniplex_forest_lined_corner

Skill      XL: |  1 |
---------------+----+-----
Earth Magic    | 3 |  3.7
Dodging        | |  1.7
Stealth        | |  1.7
Spellcasting   | |  2.0
Transmutations | |  0.8

Action                   || total
-------------------------++-------
Melee: Unarmed           ||    72
 Cast: Sandblast         ||    30
  Eat: Chunk             ||     1
Armor: Robe              ||    12
Dodge: Dodged            ||    54
